 Dungeon Crawl Stone Soup version 0.21-a0-513-gdcb3f5e (webtiles) character file.

6800 Firecrotchwizard the Impaler (level 11, -4/124 HPs)
             Began as a Merfolk Berserker on Dec 1, 2017.
             Was a High Priest of Trog.
             Slain by a centaur warrior (8 damage)
             ... on level 9 of the Dungeon.
             The game lasted 00:16:26 (10010 turns).

Firecrotchwizard the Impaler (Merfolk Berserker)   Turns: 10010, Time: 00:16:26

Health: -4/124     AC:  4    Str: 23    XL:     11   Next: 5%
Magic:  11/11      EV: 17    Int:  7    God:    Trog [*****.]
Gold:   404        SH:  0    Dex: 16    Spells: 10/10 levels left

rFire    . . .     SeeInvis .   s - +1 trident (pierce)
rCold    . . .     Gourm    .   (no shield)
rNeg     . . .     Faith    .   b - +0 troll leather armour {regen}
rPois    .         Spirit   .   (no helmet)
rElec    .         Reflect  .   (no cloak)
rCorr    .         Harm     .   (no gloves)
MR       ++...                  (no boots)
Stlth    ..........             (no amulet)
HPRegen  1.70/turn              B - ring of flight {+Fly, !d}
MPRegen  0.12/turn              C - ring of stealth {Stlth+}

@: berserking (expiring), regenerating, very quick
A: change form in water, swift swim, stealthy swim
a: Berserk, Trog's Hand, Brothers in Arms, Burn Spellbooks, Renounce Religion,
Evoke Flight


You were on level 9 of the Dungeon.
You worshipped Trog.
Trog was extremely pleased with you.
You were very hungry.

You visited 1 branch of the dungeon, and saw 9 of its levels.

You collected 404 gold pieces.

Inventory:

Hand Weapons
 k - the +6 war axe "Dusan" {chop, *Rage +Fly Int+6 Stlth+, unknown}
   (You found it on level 6 of the Dungeon)

   It inflicts extra damage upon your enemies.
   It affects your intelligence (+6).
   It lets you fly.
   It may make you go berserk in combat.
   It makes you more stealthy.
 r - a cursed -3 trident
   (You found it on level 4 of the Dungeon)
 s - a +1 trident of piercing (weapon)
   (You took it off an orc on level 3 of the Dungeon)
Armour
 b - a +0 troll leather armour (worn) {regen}
   (You found it on level 9 of the Dungeon)
 g - a +1 ring mail
   (You found it on level 1 of the Dungeon)
Jewellery
 B - a ring of flight (left hand) {+Fly, !d}
   (You found it on level 7 of the Dungeon)
 C - a ring of stealth (right hand) {Stlth+}
   (You took it off a crimson imp on level 8 of the Dungeon)
Wands
 j - a wand of clouds (4)
   (You found it on level 7 of the Dungeon)
 o - a wand of disintegration (16)
   (You found it on level 2 of the Dungeon)
 y - a wand of polymorph (11)
   (You found it on level 5 of the Dungeon)
Scrolls
 d - 3 scrolls of teleportation
 i - 15 scrolls of identify
 l - 4 scrolls of remove curse
 p - 2 scrolls of magic mapping {!r}
 A - a scroll of fog
 D - a scroll of blinking {!r}
 E - a scroll of fear
Potions
 a - 2 potions of degeneration {unknown}
 e - a potion of invisibility {unknown}
 f - 4 potions of curing
 h - 3 potions of agility {unknown}
 m - a potion of cancellation {unknown}
 n - 3 potions of ambrosia {unknown}
 q - a potion of might {unknown}
 t - a potion of berserk rage {unknown}
 u - 3 potions of lignification {unknown}
 z - a potion of flight {unknown}
Comestibles
 c - 5 bread rations {@e1}
 w - 3 royal jellies


   Skills:
 + Level 6.8 Fighting
 - Level 18.1 Polearms
 + Level 4.2 Armour
 + Level 7.5 Dodging


You had 10 spell levels left.
You didn't know any spells.

Dungeon Overview and Level Annotations

Branches:
Dungeon (9/15)             Temple (0/1) D:5
   Lair: D:8-11         Orc: D:9-12

Altars:
Ashenzari
Elyvilon
Gozag
Hepliaklqana
Nemelex Xobeh
Okawaru
Ru
Zin
The Shining One

Shops:
D:7 :   D:8 %


Message History

a +0 troll leather armour {regen}; a troll corpse
b - a +0 troll leather armour {regen} You start removing your armour.
You continue taking off your +1 ring mail. x4
You finish taking off your +1 ring mail.
You start putting on your armour.
You continue putting on your +0 troll leather armour {regen}. x5
You finish putting on your +0 troll leather armour {regen}.
You regained 2 hp, and now have 63/77 hp.
You see here a troll corpse.
You see here an iguana corpse.
A jackal comes into view.
You see here an iguana corpse.
You regained 7 hp, and now have 70/77 hp.
You closely miss the jackal.
The jackal barks!
The jackal closely misses you.
You puncture the jackal!
You kill the jackal!
Trog accepts your kill.
No target in view!
No target in view!
A tengu warrior comes into view. It is wielding a battleaxe.
Health restored: 77 Autopickup is now on.
A centaur warrior comes into view.
The centaur warrior shouts!
You hear a loud, deep croak!
You hear a shout!
You hear a howl!
The centaur warrior wields a longbow.
The centaur warrior shoots an arrow.
The arrow misses you.
You see here an arrow.
An orc comes into view. It is wielding a flail.
The centaur warrior shoots an arrow.
The arrow hits you!
The centaur warrior shoots an arrow.
The arrow completely misses you.
An orc wizard comes into view. It is wielding a dagger.
The orc wizard shouts!
A tengu warrior comes into view. It is wielding an enchanted great mace.
You see here an arrow.
You take 12 damage, and have 65/77 hp.
The tengu warrior shouts!
You hear a shout!
The centaur warrior shoots an arrow.
The arrow hits you!!
You hear a shout!
You see here an arrow.
You take 18 damage, and have 47/77 hp.
MASSIVE DAMAGE!!
You hear a shout!
The centaur warrior shoots an arrow.
The arrow hits you!
You take 13 damage, and have 34/77 hp.
Your skin crawls.
You feel resistant to hostile enchantments.
You are feeling hungry.
You regained 2 hp, and now have 37/77 hp.
A red film seems to cover your vision as you go berserk!
You feel yourself moving faster!
You feel mighty!
You are feeling very hungry.
You now have 56/115 hp.
You puncture the tengu warrior!
The tengu warrior hits you with an enchanted great mace!
The tengu warrior misses you. The tengu warrior claws you.
You take 11 damage, and have 45/115 hp.
You puncture the tengu warrior! You closely miss the tengu warrior.
You puncture the tengu warrior! The tengu warrior closely misses you.
The tengu warrior pecks you but does no damage.
The tengu warrior claws you.
You take 1 damage, and have 45/115 hp.
You miss the tengu warrior. The orc barely misses you.
You puncture the tengu warrior!
The tengu warrior shouts!
You hit the tengu warrior.
You hear a croak.
The tengu warrior hits you with an enchanted great mace!!
* * * LOW HITPOINT WARNING * * *
The tengu warrior pecks you.
* * * LOW HITPOINT WARNING * * *
The tengu warrior claws you.
* * * LOW HITPOINT WARNING * * *
You take 31 damage, and have 15/115 hp.
MASSIVE DAMAGE!!
You completely miss the tengu warrior. You puncture the tengu warrior!
You kill the tengu warrior!
Trog accepts your kill.
Your Armour skill increases to level 4!
Your Dodging skill increases to level 7!
You have reached level 11!
You regained 2 hp, and now have 18/124 hp.
MP restored: 11 You puncture the centaur warrior!
You impale the centaur warrior!!
The centaur warrior unwields an uncursed longbow.
The centaur warrior hits you!
* * * LOW HITPOINT WARNING * * *
You take 11 damage, and have 7/124 hp.
You barely miss the centaur warrior. The centaur warrior hits you.
* * * LOW HITPOINT WARNING * * *
You take 4 damage, and have 3/124 hp.
You puncture the centaur warrior! The orc closely misses you.
You barely miss the centaur warrior. The centaur warrior hits you!
You die...

#......###...##+...#..##..#...#
###.#.###...###...#..†##..##....
#.....#..[####.#.#.#...†.###..S..
#.##....### #..#.#.#.†#.#
#.##..### #.#.#.#.#...# #.##..# #
#[.#!#.#.#..+ #.##..# #.
#.#.#.#.#.### #.##..# ##o#
#..#.#.#### #.##..# #..o##@#(#.##
..##..# #?.#oc#### ..##..#
#..(Q## .###†.# #:[..### .# #..#
#.c## .# #..# ## .# #..# ## #..#
#...


You could see a tengu warrior, a centaur warrior and an orc.

Vanquished Creatures
  A tengu warrior (D:9)
  The ghost of TwoGrow the Covert, a novice GnAs of Ru (D:8)
  The ghost of DarkHelmet the Covert, a novice OpMo of Gozag (D:6)
  A troll (D:9)
  The ghost of TwoGrow the Covert, an amateur GnAs of Nemelex Xobeh (D:4)
  A human (D:7)
  4 hogs (D:7)
  A hungry ghost (D:9)
  A steam dragon (D:9)
  Duvessa (D:7)
  6 ogres
  A black bear (D:8)
  4 ice beasts
  2 necrophages
  5 centaurs
  A big kobold (D:7)
  3 bullfrogs
  Dowan (D:7)
  2 wyvern zombies (D:6)
  2 scorpions
  5 wights (D:8)
  An electric eel (D:7)
  A howler monkey (D:8)
  5 crimson imps
  2 jellies (D:5)
  4 hounds
  A bullfrog skeleton (D:4)
  4 orc priests
  A centaur skeleton (D:4)
  5 iguanas
  13 orc wizards
  5 worker ants
  A hound skeleton (D:6)
  4 gnolls (D:3)
  A howler monkey skeleton (D:4)
  11 adders
  A river rat (D:3)
  4 oozes
  An adder skeleton (D:4)
  2 worms
  3 dart slugs
  4 leopard geckos
  20 orcs
  2 ball pythons (D:1)
  9 giant cockroaches
  7 goblins
  8 hobgoblins
  6 jackals
  2 quokkas (D:9)
  4 bats
  7 frilled lizards
  10 kobolds
  A leopard gecko skeleton (D:4)
  A quokka skeleton (D:5)
  A quokka zombie (D:7)
  12 rats
209 creatures vanquished.

Notes
Turn   | Place    | Note
-------+----------+-------------------------------------------
     0 | D:1      | Firecrotchwizard the Merfolk Berserker began the quest for the Orb.
     0 | D:1      | Reached XP level 1. HP: 18/18 MP: 1/1
   123 | D:1      | Reached skill level 5 in Polearms
   123 | D:1      | Reached XP level 2. HP: 23/24 MP: 2/2
   373 | D:1      | Reached skill level 6 in Polearms
   373 | D:1      | Reached XP level 3. HP: 23/29 MP: 3/3
  1063 | D:2      | Reached skill level 7 in Polearms
  1063 | D:2      | Reached XP level 4. HP: 18/35 MP: 4/4
  1348 | D:2      | Reached ** piety under Trog
  2038 | D:3      | Reached XP level 5. HP: 29/41 MP: 5/5
  2041 | D:3      | Reached skill level 8 in Polearms
  2402 | D:3      | Reached *** piety under Trog
  2405 | D:3      | Reached skill level 9 in Polearms
  2580 | D:3      | Reached XP level 6. HP: 36/47 MP: 6/6
  2971 | D:3      | Reached skill level 10 in Polearms
  3190 | D:4      | Noticed TwoGrow's ghost (amateur GnAs)
  3235 | D:4      | Killed TwoGrow's ghost
  3235 | D:4      | Reached skill level 11 in Polearms
  3235 | D:4      | Reached XP level 7. HP: 27/52 MP: 7/7
  3606 | D:4      | Reached skill level 12 in Polearms
  3855 | D:4      | Found a sacrificial altar of Ru.
  4011 | D:5      | Entered Level 5 of the Dungeon
  4082 | D:5      | Reached XP level 8. HP: 28/58 MP: 8/8
  4104 | D:5      | Reached skill level 13 in Polearms
  4579 | D:5      | Found a staircase to the Ecumenical Temple.
  4867 | D:5      | Reached skill level 14 in Polearms
  5190 | D:5      | Found a shattered altar of Ashenzari.
  5190 | D:5      | Found an opulent altar of Gozag.
  5352 | D:5      | Reached **** piety under Trog
  5538 | D:6      | Found an iron altar of Okawaru.
  5549 | D:6      | Got a shimmering war axe
  5622 | D:6      | Noticed DarkHelmet's ghost (novice OpMo)
  5733 | D:6      | Reached skill level 15 in Polearms
  5790 | D:6      | Killed DarkHelmet's ghost
  5790 | D:6      | Reached XP level 9. HP: 32/64 MP: 9/9
  5811 | D:6      | HP: 16/64 [poisoned by DarkHelmet's ghost]
  5816 | D:6      | HP: 15/64 [poisoned by DarkHelmet's ghost]
  5824 | D:6      | HP: 15/64 [poisoned by DarkHelmet's ghost]
  6112 | D:6      | Reached skill level 16 in Polearms
  6461 | D:5      | HP: 10/64 [ogre/giant spiked club (9)]
  7118 | D:7      | Found a hazy altar of Hepliaklqana.
  7155 | D:7      | Noticed Duvessa
  7157 | D:7      | Noticed Dowan
  7168 | D:7      | Killed Duvessa
  7168 | D:7      | Reached skill level 17 in Polearms
  7172 | D:7      | Killed Dowan
  7184 | D:7      | Found Sumienn's Book Shoppe.
  7434 | D:7      | Found a glowing golden altar of the Shining One.
  7434 | D:7      | Found a glowing silver altar of Zin.
  7435 | D:7      | Found a white marble altar of Elyvilon.
  7981 | D:7      | Found a sparkling altar of Nemelex Xobeh.
  8091 | D:7      | Reached skill level 18 in Polearms
  8091 | D:7      | Reached XP level 10. HP: 62/70 MP: 10/10
  8097 | D:7      | Reached skill level 3 in Dodging
  8106 | D:7      | Reached skill level 2 in Armour
  8111 | D:7      | Reached skill level 4 in Fighting
  8117 | D:7      | Reached skill level 4 in Dodging
  8876 | D:8      | Reached ***** piety under Trog
  8913 | D:8      | Noticed TwoGrow's ghost (novice GnAs)
  8955 | D:8      | HP: 16/73 [poisoned by TwoGrow's ghost]
  8959 | D:8      | HP: 6/73 [poisoned by TwoGrow's ghost]
  8966 | D:8      | Killed TwoGrow's ghost
  8966 | D:8      | Reached skill level 5 in Fighting
  8966 | D:8      | Reached skill level 3 in Armour
  8966 | D:8      | Reached skill level 5 in Dodging
  9363 | D:8      | Reached skill level 6 in Dodging
  9532 | D:8      | Found Kallig's Food Boutique.
  9794 | D:9      | Reached skill level 6 in Fighting
  9988 | D:9      | Noticed a tengu warrior
  9989 | D:9      | Noticed a centaur warrior
  9992 | D:9      | Noticed a tengu warrior
 10003 | D:9      | HP: 23/115 [tengu warrior/enchanted great mace (24)]
 10005 | D:9      | Killed a tengu warrior
 10005 | D:9      | Reached skill level 4 in Armour
 10005 | D:9      | Reached skill level 7 in Dodging
 10005 | D:9      | Reached XP level 11. HP: 17/83 MP: 11/11
 10007 | D:9      | HP: 7/124 [centaur warrior (12)]
 10008 | D:9      | HP: 3/124 [centaur warrior (5)]
 10010 | D:9      | Slain by a centaur warrior

Vault maps used:
D:1:      mrwooster_arrival_statue_3, roderic_three_in_a_row,
          minmay_misc_feat_doors, minmay_pentomino_s4
D:3:      gup_sewer_entry_bubbles
D:4:      cheibrodos_quashed, lemuel_crystal_altar, first_bread, minmay_cut_off
D:5:      gammafunk_temple_overflow_pools, minmay_temple_entry_glassed_door,
          mumra_transporter_accident
D:6:      okawaru_ov_weapons_minmay
D:7:      statuecave_lemuel, good_gods_temple_1, lemuel_doored_altar,
          serial_shops, shop, grunt_livestock, solitary_fountain,
          nemelex_dance_club_becter, uniq_duvessa
D:8:      serial_shops, nicolae_shop_behind_doors, patterned_corridor
D:9:      minmay_the_grid_triangle_9x9_rhombus_thin_mashed,
          nicolae_ru_path_of_blood

Skill      XL: |  1  2  3  4  5  6  7  8  9 10 |
---------------+-------------------------------+-----
Polearms       | 5 6 7 9 11 12 15 18 | 18.1
Dodging        | 7 |  7.5
Armour         | 4 |  4.2
Fighting       | 6 |  6.8

Action                   |  1- 3 |  4- 6 |  7- 9 | 10-12 || total
-------------------------+-------+-------+-------+-------++-------
Melee: Spear             |   122 |    54 |       |       ||   176
       Trident           |       |   161 |   235 |   255 ||   651
       Tailslap          |       |     2 |       |       ||     2
Throw: Javelin           |       |       |    40 |     6 ||    46
Invok: Trog's Hand       |       |       |     2 |     4 ||     6
       Burn Spellbooks   |       |       |     1 |     1 ||     2
       Berserk           |       |       |       |     1 ||     1
  Use: Scroll            |       |       |    14 |       ||    14
       Potion            |       |       |       |     3 ||     3
 Stab: Sleeping          |     1 |     2 |       |     2 ||     5
  Eat: Chunk             |       |     7 |     9 |     1 ||    17
       Meat ration       |       |       |     1 |     1 ||     2
       Bread ration      |       |       |     1 |       ||     1
       Royal jelly       |       |       |       |     1 ||     1
Armor: Ring mail         |    20 |    38 |    32 |    44 ||   134
       Troll leather arm |       |       |       |     1 ||     1
Dodge: Dodged            |    38 |    82 |    92 |    87 ||   299

Table legend:
 A = Spawn XP
 B = Non-spawn XP
 C = Spawn XP percentage of total XP
 D = Spawn monster count
 E = Non-spawn monster count
 F = Spawn count percentage of total count
 G = Total turns spent on level
                    A         B        C        D         E        F      G
               +---------+---------+-------+---------+---------+-------+---------
         Total |       0 |    9715 |   0.0 |       0 |     209 |   0.0 | 10010
               +---------+---------+-------+---------+---------+-------+---------
           D:1 |       0 |      47 |   0.0 |       0 |      22 |   0.0 |   786
           D:2 |       0 |      71 |   0.0 |       0 |      20 |   0.0 |  1189
           D:3 |       0 |     338 |   0.0 |       0 |      45 |   0.0 |  1157
           D:4 |       0 |     593 |   0.0 |       0 |      16 |   0.0 |   879
           D:5 |       0 |     951 |   0.0 |       0 |      18 |   0.0 |  1925
           D:6 |       0 |    1466 |   0.0 |       0 |      19 |   0.0 |  1066
           D:7 |       0 |    2053 |   0.0 |       0 |      27 |   0.0 |  1587
           D:8 |       0 |    2443 |   0.0 |       0 |      31 |   0.0 |  1193
           D:9 |       0 |    1753 |   0.0 |       0 |      11 |   0.0 |   228
               +---------+---------+-------+---------+---------+-------+---------

Vault maps used:
D:1:      mrwooster_arrival_statue_3, roderic_three_in_a_row,
          minmay_misc_feat_doors, minmay_pentomino_s4
D:3:      gup_sewer_entry_bubbles
D:4:      cheibrodos_quashed, lemuel_crystal_altar, first_bread, minmay_cut_off
D:5:      gammafunk_temple_overflow_pools, minmay_temple_entry_glassed_door,
          mumra_transporter_accident
D:6:      okawaru_ov_weapons_minmay
D:7:      statuecave_lemuel, good_gods_temple_1, lemuel_doored_altar,
          serial_shops, shop, grunt_livestock, solitary_fountain,
          nemelex_dance_club_becter, uniq_duvessa
D:8:      serial_shops, nicolae_shop_behind_doors, patterned_corridor
D:9:      minmay_the_grid_triangle_9x9_rhombus_thin_mashed,
          nicolae_ru_path_of_blood

Table legend:
 A = Turns spent in this place as a percentage of turns spent in the entire game.
 B = Non-inter-level travel turns spent in this place as a percentage of non-inter-level travel turns spent in the entire game.
 C = Inter-level travel turns spent in this place as a percentage of turns spent in this place.
 D = Turns resting spent in this place as a percentage of non-inter-level travel turns spent in this place.
 E = Turns spent auto-exploring this place as a percentage of non-inter-level travel turns spent in this place.
 F = Non-inter-level travel turns spent in this place divided by the number of levels of this place that you've seen.
                   A       B       C       D       E      F
               +-------+-------+-------+-------+-------+----------------------
         Total | 100.0 | 100.0 |   2.1 |  39.8 |  44.8 | 1088.9
       Dungeon | 100.0 | 100.0 |   2.1 |  39.8 |  44.8 | 1088.9
               +-------+-------+-------+-------+-------+----------------------

Table legend:
 A = Kills in this place as a percentage of kills in entire the game.
 B = Kills by you in this place as a percentage of kills by you in the entire game.
 C = Kills by friends in this place as a percentage of kills by friends in the entire game.
 D = Other kills in this place as a percentage of other kills in the entire game.
 E = Experience gained in this place as a percentage of experience gained in the entire game.
 F = Experience gained in this place divided by the number of levels of this place that you have seen.
                   A       B       C       D       E      F
               +-------+-------+-------+-------+-------+----------------------
         Total | 100.0 | 100.0 |   N/A |   N/A | 100.0 | 1079.4
       Dungeon | 100.0 | 100.0 |   N/A |   N/A | 100.0 | 1079.4
               +-------+-------+-------+-------+-------+----------------------
